[Event "Late-Titled-Tuesday-Blitz-September-12-2023"]
[Site "Chess.com"]
[Date "2023.09.12"]
[Round "11"]
[White "oskariot"]
[Black "Oleksandr_Bortnyk"]
[Result "0-1"]
[WhiteElo "2720"]
[BlackElo "3007"]
[TimeControl "180+1"]
[EndTime "16:00:42 PDT"]
[Termination "Oleksandr_Bortnyk won on time"]

1. g3 Nf6 2. Bg2 g6 3. Nf3 Bg7 4. O-O O-O 5. b3 d5 6. Bb2 c5 7.
e3 Na6 8. c4 Bf5 9. Ne5 e6 10.
cxd5 exd5 11. d4 Nb4 12. a3 Nc2 13. e4 Nxe4 14. Qxc2 Nxg3 15. Qd1 Nxf1 16. Qxf1 Re8 17. f4 Rc8 18. dxc5 Rxc5 19. Nc3 d4 20. Rd1 dxc3 21. Rxd8 Rxd8 22. Bc1 c2 23. Bf3 Rc3 24. Be2 Bh3 25.
Qe1 Rxb3 26. Nxf7 Kxf7 27. Bc4+ Kf8 28. Bxb3 Rd1 29. Qxd1 cxd1=Q+ 30. Bxd1 Bd4+ 31. Kh1 Ke7 32. Bf3 b6 33. Bd2 a5 34. a4 Kd6 35. Bd1 Kd5 36. Bb3+ Ke4 37. Bg8 Kf3 38. Bd5+ Kf2 39. Bc1 h5 40.
Be4 h4 41. Bd2 Bf1 42. Bc1 h3 0-1

[Event "Late-Titled-Tuesday-Blitz-September-12-2023"]
[Site "Chess.com"]
[Date "2023.09.12"]
[Round "11"]
[White "Djager97"]
[Black "stasOR4ik"]
[Result "0-1"]
[WhiteElo "2526"]
[BlackElo "2442"]
[TimeControl "180+1"]
[EndTime "16:00:47 PDT"]
[Termination "stasOR4ik won on time"]

1. e4 c6 2. d4 d5 3. exd5 cxd5 4. Bd3 Nf6 5. h3 Nc6 6. c3 g6 7. Nf3 Bf5 8. Be2 Bg7 9. Bf4 O-O 10. O-O Re8 11. Nbd2 Nd7 12. Re1 e5 13. dxe5 Ndxe5 14. Nxe5 Nxe5 15. Bb5 Re6 16. Nf3 Nxf3+ 17. Qxf3 Be4 18.
Qg3 Qb6 19. a4 a6 20. Be3 d4 21. cxd4 Bd5 22. Bf1 Qxb2 23. Qg5 Bc6 24. Bc4 Re4 25. Rab1 Qa3 26. Bb3 Rae8 27. Red1 Bxa4 28. Bxf7+ Kxf7 29. Rxb7+ R4e7 30. Qd5+ Kf8 31. Bf4 Bxd1 32. Bd6 Bb3 33.
Bxe7+ Qxe7 34. Qf3+ Qf6 0-1

[Event "Late-Titled-Tuesday-Blitz-September-12-2023"]
[Site "Chess.com"]
[Date "2023.09.12"]
[Round "11"]
[White "DvaHrasta"]
[Black "carloseduar100"]
[Result "1-0"]
[WhiteElo "2475"]
[BlackElo "2303"]
[TimeControl "180+1"]
[EndTime "16:00:49 PDT"]
[Termination "DvaHrasta won by checkmate"]

1. c4 Nf6 2. g3 g6 3. Bg2 Bg7 4.
Nc3 O-O 5. Nf3 d6 6. O-O Nbd7 7. d3 a6 8. Rb1 e5 9. b4 c6 10. a4 Qe7 11. e4 h6 12. a5 Kh7 13. h3 Rd8 14. Be3 Nf8 15. Na4 d5 16. Bc5 Qe6 17.
exd5 cxd5 18. Nb6 Rb8 19. Re1 dxc4 20. Nxe5 cxd3 21. Nxg6 fxg6 22. Rxe6 Bxe6 23. Qd2 N8d7 24. Bf1 Nxc5 25. bxc5 Ne4 26. Qe3 Nc3 27. Bxd3 Nxb1 28. Bxg6+ Kh8 29. Qxe6 Nd2 30. Nd7 Nf3+ 31. Kg2 Ng5 32.
Qf5 Rbc8 33. h4 Rc7 34. Nb6 Nf7 35. Bxf7 Rf8 36. Nd7 Rd8 37. Be6 Rc6 38. Qf7 Rc7 39.
g4 Rf8 40. Qg6 Rd8 41. Bf5 Kg8 42. g5 Rcxd7 43. Bxd7 Rxd7 44. Qe8+ Kh7 45. g6# 1-0

[Event "Late-Titled-Tuesday-Blitz-September-12-2023"]
[Site "Chess.com"]
[Date "2023.09.12"]
[Round "11"]
[White "becemix"]
[Black "pokochajszachy"]
[Result "0-1"]
[WhiteElo "2520"]
[BlackElo "2410"]
[TimeControl "180+1"]
[EndTime "16:00:51 PDT"]
[Termination "pokochajszachy won on time"]

1. d4 d5 2. Nf3 Nf6 3. c4 c6 4.
Nc3 e6 5. Bf4 Bd6 6. Bg5 h6 7.
Bh4 dxc4 8. e4 g5 9. Bg3 Bb4 10. Qc2 b5 11. a3 Be7 12. Rd1 Bb7 13. Be2 Nbd7 14. O-O a6 15. Ne5 h5 16. h4 gxh4 17.
Bxh4 Qb6 18. Bg3 h4 19. Bh2 h3 20. g3 Nxe5 21. dxe5 Nd7 22. g4 O-O-O 23. Rd2 Nc5 24.
Bf3 Nb3 25. Rxd8+ Rxd8 26. Rd1 Bc5 27. Rxd8+ Qxd8 28. Be2 Qd4 29. Bf1 a5 30. Bxh3 Qd3 31. Qxd3 cxd3 32. g5 Bd4 33. Nd1 Kd7 34. Kf1 c5 35. f4 Bxe4 36. Bg4 c4 37. Bg3 b4 38. axb4 axb4 39. Be1 d2 40. Bf2 Bd3+ 41. Be2 Bxe2+ 42. Kxe2 c3 43. bxc3 bxc3 44. Bxd4 c2 0-1

[Event "Late-Titled-Tuesday-Blitz-September-12-2023"]
[Site "Chess.com"]
[Date "2023.09.12"]
[Round "11"]
[White "chessajedrezz2020"]
[Black "Mariia89"]
[Result "1-0"]
[WhiteElo "2699"]
[BlackElo "2029"]
[TimeControl "180+1"]
[EndTime "16:00:51 PDT"]
[Termination "chessajedrezz2020 won on time"]

1. Nf3 c5 2. g3 Nc6 3. Bg2 g6 4. O-O Bg7 5. c4 Nf6 6. Nc3 O-O 7. d3 d5 8. cxd5 Nxd5 9. Nxd5 Qxd5 10. Be3 Qd6 11.
Rc1 b6 12. d4 c4 13. Rxc4 Ba6 14. Rc1 Rad8 15. Qa4 Bxe2 16. Rxc6 Qd5 17. Ne5 Qb5 18. Qxb5 Bxb5 19. Rfc1 Bxc6 20. Nxc6 Rd7 21. b4 b5 22. d5 a6 23. Bc5 f6 24. Bh3 Rc7 25.
Be6+ Kh8 26. Nxe7 Rd8 27. Nc6 Re8 28. Nd4 f5 29. Nf3 Bh6 30. Rd1 Bg7 31. h4 a5 32. a3 axb4 33. axb4 Ra8 34. d6 Rc6 35. Bd5 Rac8 36. Bxc6 Rxc6 37. d7 Bf6 38. Bd4 Kg7 39.
d8=Q 1-0

[Event "Late-Titled-Tuesday-Blitz-September-12-2023"]
[Site "Chess.com"]
[Date "2023.09.12"]
[Round "11"]
[White "Maksimus1998"]
[Black "GMKrikor"]
[Result "0-1"]
[WhiteElo "2596"]
[BlackElo "2879"]
[TimeControl "180+1"]
[EndTime "16:00:54 PDT"]
[Termination "GMKrikor won by resignation"]

1. d4 Nf6 2. Nf3 g6 3. Bg5 Bg7 4. Nbd2 O-O 5. c3 d6 6. e4 c5 7. dxc5 dxc5 8. Bc4 Qc7 9. O-O Nc6 10.
Qe2 h6 11. Bh4 Nh5 12. Rfd1 Na5 13. Bg3 Nxg3 14. hxg3 Nxc4 15. Nxc4 Be6 16. Ne3 Rfe8 17. Nd5 Qc6 18. Rd2 Bg4 19. Rad1 g5 20. Qc4 b5 21.
Qd3 a6 22. Ne3 c4 23. Qc2 Bc8 24. Nd4 Qb7 25. Ndf5 Bf8 26. g4 e6 27. Nd6 Bxd6 28. Rxd6 Qc7 29. e5 Bb7 30. Rd7 Qc6 31. Rxf7 Kxf7 32.
Qh7+ Kf8 33. Rd7 Qxd7 34. Qxd7 Be4 35. f3 Bg6 36. Nc2 Rad8 37. Qc7 Bxc2 38. a4 bxa4 39. Qxc4 Rb8 40. Qxa6 Rxb2 41. Qd6+ Kg8 42. c4 Rbb8 43. f4 Ra8 44. fxg5 a3 45. gxh6 a2 46. Qc7 a1=Q+ 47. Kh2 Qa7 0-1

[Event "Late-Titled-Tuesday-Blitz-September-12-2023"]
[Site "Chess.com"]
[Date "2023.09.12"]
[Round "11"]
[White "hellokostya"]
[Black "Fandorine"]
[Result "0-1"]
[WhiteElo "2620"]
[BlackElo "2908"]
[TimeControl "180+1"]
[EndTime "16:00:55 PDT"]
[Termination "Fandorine won by resignation"]

1. d4 Nf6 2. c4 g6 3. Nc3 Bg7 4. e4 d6 5. h3 O-O 6. Be3 a5 7. Qd2 a4 8. Bd3 c6 9. Nf3 a3 10. b3 Na6 11. O-O Qa5 12. Nd5 Qd8 13. Nxf6+ exf6 14. Bh6 c5 15. Bxg7 Kxg7 16. Rad1 Nb4 17. Bb1 Qc7 18.
Qf4 Ra6 19. h4 h6 20. h5 g5 21. Qg3 Qe7 22. Rfe1 Nc6 23. e5 dxe5 24. dxe5 f5 25. Nh4 Nd4 26. Rxd4 cxd4 27. Bxf5 Kh8 28. Bxc8 gxh4 29.
Qh3 Ra5 30. f4 f6 31. Qxh4 d3 32. Bh3 Qb4 33. exf6 Qc3 34. f7 Qd4+ 35. Kh2 d2 36.
Rd1 Rxf7 37. Bg4 Rxf4 38. Qe7 Rxg4 39. Qf8+ Kh7 40. Qf5+ Rxf5 0-1

[Event "Late-Titled-Tuesday-Blitz-September-12-2023"]
[Site "Chess.com"]
[Date "2023.09.12"]
[Round "11"]
[White "malakismayil"]
[Black "Garmendiarov"]
[Result "1-0"]
[WhiteElo "2517"]
[BlackElo "2366"]
[TimeControl "180+1"]
[EndTime "16:00:56 PDT"]
[Termination "malakismayil won by resignation"]

1. e4 c5 2. Nf3 d6 3. Bb5+ Nd7 4. Bxd7+ Bxd7 5. O-O Nf6 6. Re1 g6 7. d4 cxd4 8. Nxd4 Bg7 9. Nc3 O-O 10. Bg5 h6 11. Bh4 Rc8 12. Qd2 Qb6 13. Nb3 g5 14. Bg3 Bc6 15. Rad1 Rfd8 16. h4 Nh5 17. Bh2 g4 18.
Kh1 g3 19. Bxg3 Nxg3+ 20. fxg3 Kh7 21. Rf1 Bf6 22. Nd5 Bxd5 23. exd5 Rg8 24. Qd3+ Kh8 25.
c3 Rg7 26. Rf3 Rcg8 27. Qd2 Kh7 28. Rdf1 Qb5 29. Rxf6 exf6 30. Rxf6 Rg6 31. Rxf7+ R8g7 32. Rxg7+ Kxg7 33. Qd4+ Rf6 34. Nd2 Qe2 35. Ne4 Qf1+ 36. Kh2 Qf5 37. Qxf6+ Qxf6 38. Nxf6 Kxf6 39. c4 Ke5 40. g4 Kf4 41. g5 hxg5 42. h5 Kf5 43. g4+ Kxg4 44. h6 Kf3 45. Kg1 Ke4 46. h7 Kd4 47.
h8=Q+ Kxc4 48. Qg8 Kd3 49. Qxg5 Kc2 50. Qf6 b5 51.
Qxd6 Kxb2 52. Qb4+ Kxa2 53. Qxb5 a5 54. Qxa5+ Kb3 55.
Qc5 Kb2 56. d6 1-0

[Event "Late-Titled-Tuesday-Blitz-September-12-2023"]
[Site "Chess.com"]
[Date "2023.09.12"]
[Round "11"]
[White "Jaka_Brilej"]
[Black "WilliamAlfaroCaracas"]
[Result "1-0"]
[WhiteElo "2455"]
[BlackElo "2291"]
[TimeControl "180+1"]
[EndTime "16:00:59 PDT"]
[Termination "Jaka_Brilej won on time"]

1. d4 Nf6 2. Bg5 g6 3. Bxf6 exf6 4. c4 Bg7 5. Nc3 O-O 6. e3 f5 7. g3 d6 8. Nge2 Nd7 9. Bg2 Nf6 10. O-O c6 11. b4 d5 12. cxd5 cxd5 13. Qb3 Be6 14.
Nf4 Qd6 15. Ncxd5 Nxd5 16. Bxd5 Bxd5 17. Nxd5 Rfd8 18. Nf4 Rac8 19. Rac1 Qa6 20. Qb2 g5 21. Ne2 Qd3 22. Rfd1 Rxc1 23. Rxc1 f4 24. gxf4 gxf4 25.
Nxf4 Qf5 26. Qc2 Qg4+ 27. Ng2 h5 28. Qc7 Rd7 29. Qc8+ Kh7 30. Qc2+ Kg8 31. Qd1 Qg6 32.
Rc8+ Kh7 33. Qc2 f5 34. Rc5 Rf7 35. Kh1 Qg4 36. Qd2 Bf8 37. Rc1 Bd6 38. Ne1 Qh3 39. f4 Qf3+ 40. Nxf3 1-0

[Event "Late-Titled-Tuesday-Blitz-September-12-2023"]
[Site "Chess.com"]
[Date "2023.09.12"]
[Round "11"]
[White "nitpicker"]
[Black "miraitrunks"]
[Result "1-0"]
[WhiteElo "2266"]
[BlackElo "2127"]
[TimeControl "180+1"]
[EndTime "16:01:00 PDT"]
[Termination "nitpicker won by resignation"]

1. d4 Nf6 2. c4 c5 3. d5 b5 4. cxb5 a6 5. e3 axb5 6. Bxb5 g6 7. Nc3 Bg7 8. Nf3 O-O 9. a4 d6 10. h3 Ba6 11. Ra3 Nfd7 12. Qb3 Qa5 13. Bd2 Qb4 14.
O-O Bxb5 15. axb5 Qxb3 16. Rxb3 Nb6 17. Rc1 N8d7 18. e4 Rfb8 19. Ra3 Nc4 20. Ra6 Nxb2 21.
Rca1 Rxa6 22. Rxa6 Nc4 23. Be1 h6 24. Ra7 Nde5 25.
Nxe5 Bxe5 26. Rxe7 Ra8 27. Kf1 Ra1 28. Ke2 Rc1 29. Bd2 Rc2 30. Nb1 Rb2 31. Kd3 Nxd2 32. Nxd2 Rxb5 33. Nf3 Rb3+ 34. Kc4 Rc3+ 35. Kb5 Rc2 36.
Nxe5 dxe5 37. Rxe5 c4 38. d6 c3 39. d7 Rd2 40. Re8+ Kg7 41. d8=Q Rb2+ 42. Kc4 c2 43. Qd2 Rb4+ 44. Kxb4 c1=Q 45. Qxc1 1-0

[Event "Late-Titled-Tuesday-Blitz-September-12-2023"]
[Site "Chess.com"]
[Date "2023.09.12"]
[Round "11"]
[White "maksimys18"]
[Black "Abund"]
[Result "0-1"]
[WhiteElo "2492"]
[BlackElo "2732"]
[TimeControl "180+1"]
[EndTime "16:01:01 PDT"]
[Termination "Abund won by checkmate"]

1. d4 Nf6 2. Nf3 d5 3. c4 e6 4.
Nc3 c5 5. Bg5 cxd4 6. Nxd4 e5 7.
Ndb5 a6 8. Qa4 Bd7 9. O-O-O Nc6 10. Bxf6 gxf6 11. Nxd5 axb5 12. Qxa8 Qxa8 13. Nc7+ Ke7 14. Nxa8 Bh6+ 15. e3 Rxa8 16. cxb5 Nb4 17. a3 Rc8+ 18. Kb1 Bf5+ 19. Ka1 Nd5 20. Rxd5 Rc1+ 21. Ka2 Be6 22. e4 f5 23. f3 fxe4 24. fxe4 f5 25. Bc4 Rxc4 26.
Rxe5 Rxe4+ 27. Rxe6+ Kxe6 28. Kb3 Re3+ 29. Kc4 Re2 30.
g3 Rxb2 31. a4 Bf8 32. Re1+ Kd7 33. Rd1+ Bd6 34. Kc3 Ra2 35. Rf1 Ke6 36. Re1+ Kd5 37. Rd1+ Ke6 38. Re1+ Be5+ 39. Kb3 Rxh2 40. a5 Rg2 41. a6 bxa6 42. bxa6 Rxg3+ 43. Ka4 Rg7 44. Kb5 Kd5 45. Rd1+ Bd4 46. Rf1 Ke4 47. Kc6 f4 48. Kb5 Be3 49. Kc4 f3 50. Rb1 f2 51. Kc3 Ra7 52.
Rb4+ Kf3 53. Rb7 Rxb7 54. axb7 Bf4 55. b8=Q Bxb8 56. Kd2 f1=Q 57. Kc2 Qe2+ 58. Kc3 Qe4 59. Kb3 h5 60. Ka3 h4 61. Kb2 h3 62. Kc3 h2 63.
Kd2 h1=Q 64. Kc3 Qhe1+ 65. Kb2 Q4b4+ 66. Ka2 Qeb1# 0-1

[Event "Late-Titled-Tuesday-Blitz-September-12-2023"]
[Site "Chess.com"]
[Date "2023.09.12"]
[Round "11"]
[White "Arystanner"]
[Black "rasmussvane"]
[Result "1/2-1/2"]
[WhiteElo "2854"]
[BlackElo "2996"]
[TimeControl "180+1"]
[EndTime "16:01:03 PDT"]
[Termination "Game drawn by repetition"]

1. e4 c6 2. Nf3 d5 3. exd5 cxd5 4. d4 Nc6 5. c3 Nf6 6. Ne5 Qc7 7. Bf4 g5 8. Bg3 Ne4 9. Nxc6 Nxg3 10. hxg3 bxc6 11. Bd3 h6 12. Nd2 e5 13. dxe5 Qxe5+ 14. Kf1 Bg7 15. Nf3 Qe7 16. Qa4 O-O 17. Qxc6 Bb7 18. Qa4 d4 19. Nxd4 Bxd4 20. cxd4 Qf6 21. Qb5 Rab8 22. Qe5 Qxe5 23. dxe5 Rfd8 24. Bc4 Kg7 25. b3 Rd2 26. Kg1 Re8 27. e6 fxe6 28. a4 Rf8 29.
Rf1 e5 30. g4 Rf4 31. Be6 Ba6 32. Bc4 Bxc4 33. bxc4 Rxc4 34. Rh3 Rxg4 35. Re3 Rxa4 36. Rxe5 Rd6 37. Rfe1 Rf6 38. f3 Ra2 39. Re7+ Kg6 40. Kh2 Rc6 41. Kg3 a5 42. R7e6+ Rxe6 43. Rxe6+ Kg7 44.
Ra6 a4 45. Kh3 a3 46. g3 h5 47. f4 gxf4 48. gxf4 Kf7 49. Kh4 Ra1 50. Kh3 Kg7 51.
Kh2 Kf7 52. Kg2 Ke7 53. f5 Kd7 54. Kh2 Ke7 55. Kg2 Ra2+ 56. Kh3 Kf7 57. Kg3 Ra1 58. Kg2 Ke8 59. Kh2 Ke7 60. Kg2 1/2-1/2

[Event "Late-Titled-Tuesday-Blitz-September-12-2023"]
[Site "Chess.com"]
[Date "2023.09.12"]
[Round "11"]
[White "ural58"]
[Black "MightyGMpretender"]
[Result "0-1"]
[WhiteElo "2549"]
[BlackElo "2730"]
[TimeControl "180+1"]
[EndTime "16:01:03 PDT"]
[Termination "MightyGMpretender won by checkmate"]

1. e4 g6 2. d4 Bg7 3. Nc3 a6 4. h4 h5 5. Nf3 d6 6. Ng5 b5 7.
a4 b4 8. Nd5 a5 9. Bc4 e6 10.
Ne3 Nf6 11. f3 d5 12. Bb5+ c6 13. Bd3 dxe4 14. fxe4 Qxd4 15. Qe2 O-O 16. Nf3 Qc5 17. Nc4 Ng4 18. e5 Ba6 19. Bf4 Nd7 20. O-O-O Bxc4 21. Bxc4 Ndxe5 22. Nxe5 Bxe5 23. Bxe5 Qxe5 24. Qf3 Qe3+ 25. Rd2 Rad8 26. Bd3 c5 27. Rd1 Qxf3 28. gxf3 Ne3 29. Re1 Nd5 30. Be4 Nf4 31. Red1 Rxd2 32. Rxd2 f5 33. Bc6 g5 34. hxg5 h4 35. Kd1 h3 36.
Ke1 Kg7 37. Kf2 Kg6 38. Kg3 Kxg5 39. Rd7 Rh8 40. Kh2 Ne2 41. Ra7 Nd4 42. Ba8 Nxc2 43. Rxa5 Ne3 44. Bc6 Nf1+ 45. Kh1 Ng3+ 46. Kh2 Nf1+ 47.
Kh1 h2 48. f4+ Kxf4 49. Rxc5 Ng3+ 50. Kg2 h1=Q+ 51. Kf2 Qf1# 0-1

[Event "Late-Titled-Tuesday-Blitz-September-12-2023"]
[Site "Chess.com"]
[Date "2023.09.12"]
[Round "11"]
[White "ArturoCaceres"]
[Black "IMRosen"]
[Result "1-0"]
[WhiteElo "2492"]
[BlackElo "2592"]
[TimeControl "180+1"]
[EndTime "16:01:03 PDT"]
[Termination "ArturoCaceres won by checkmate"]

1. Nf3 d5 2. b3 Nf6 3. Bb2 Bf5 4. e3 e6 5. Be2 Nbd7 6. O-O c6 7. c4 Bd6 8. Nc3 Qb8 9. h3 a5 10. Qc1 Rg8 11. Ba3 Bc7 12. Nd4 Bg6 13. f4 Ne4 14.
cxd5 exd5 15. Nxe4 Bxe4 16. d3 Bxg2 17. Kxg2 g5 18.
f5 Bh2 19. Qe1 Nf6 20. Rh1 Be5 21. Rc1 h5 22. Qc3 Qc7 23. Nb5 Bxc3 24. Nxc7+ Kd7 25. Nxa8 Bd2 26. Nb6+ Kc7 27. Rc2 Bxe3 28. Na4 Re8 29. Bb2 Nd7 30. Bxh5 Re7 31. Nc3 f6 32. Nxd5+ Kd6 33.
Nxe7 Ne5 34. Bxe5+ fxe5 35. f6 Bf4 36. Ng6 e4 37. f7 exd3 38. f8=Q+ Kc7 39. Qf7+ Kb6 40. Nxf4 dxc2 41. Nd3 a4 42. Qc4 a3 43. Qxc2 Ka5 44.
Bg4 c5 45. Qxc5+ Ka6 46. Nb4# 1-0

[Event "Late-Titled-Tuesday-Blitz-September-12-2023"]
[Site "Chess.com"]
[Date "2023.09.12"]
[Round "11"]
[White "ameetghasi100"]
[Black "only_strong_moves"]
[Result "1-0"]
[WhiteElo "2690"]
[BlackElo "2513"]
[TimeControl "180+1"]
[EndTime "16:01:05 PDT"]
[Termination "ameetghasi100 won by resignation"]

1. d4 Nf6 2. Bg5 e6 3. Nd2 d5 4. c3 c5 5. e3 Qb6 6. Qb3 Nfd7 7. Qc2 f6 8. Bh4 Nc6 9. Ngf3 Bd6 10. Bd3 Nf8 11. O-O Bd7 12. Rfe1 Rc8 13. Qb1 cxd4 14. exd4 Ne7 15. Nf1 Bb5 16. Bc2 Bxf1 17. Kxf1 g5 18. Bg3 Bxg3 19. hxg3 Kf7 20. Re2 h5 21. Kg1 Qd6 22.
Qf1 h4 23. gxh4 g4 24. Nh2 g3 25. fxg3 Qxg3 26. Nf3 Ke8 27. Rae1 Kd7 28. Re3 Qg7 29. Qb5+ Kc7 30. Qe2 Kb8 31. Qf2 Ka8 32. a4 f5 33.
Ng5 Neg6 34. Rh3 Qf6 35. a5 Rc6 36. Ba4 Rc8 37. a6 e5 38. axb7+ Kxb7 39. dxe5 Nxe5 40. Qd4 Nfg6 41. Qb4+ Qb6+ 42. Qxb6+ axb6 43. Bc2 Nc4 44. Bxf5 Rcg8 45. Be6 Rg7 46. Bxd5+ 1-0

[Event "Late-Titled-Tuesday-Blitz-September-12-2023"]
[Site "Chess.com"]
[Date "2023.09.12"]
[Round "11"]
[White "arminmusovic"]
[Black "MathiasCasalaspro"]
[Result "0-1"]
[WhiteElo "2506"]
[BlackElo "2345"]
[TimeControl "180+1"]
[EndTime "16:01:05 PDT"]
[Termination "MathiasCasalaspro won by resignation"]

1. a3 d5 2. Nc3 e5 3. d4 e4 4. Bf4 c6 5. f3 f5 6. Qd2 Nf6 7.
O-O-O Bd6 8. Nh3 O-O 9. e3 b5 10. Be2 a5 11. Rdf1 b4 12. Nb1 bxa3 13. Nxa3 Ba6 14.
Be5 Bxe2 15. Qxe2 Bxa3 16. bxa3 Qe7 17. Kb2 Nbd7 18. f4 Nb6 19. Ra1 Nc4+ 20. Kc1 Nxa3 21. Rg1 Nc4 22. Nf2 Qb4 23. Kd1 Qc3 24. Rb1 Nxe3+ 25.
Qxe3 Qxe3 26. Rf1 Ng4 27. Nxg4 fxg4 28. Rb3 Qxb3 29. cxb3 a4 30. Kc2 axb3+ 31. Kxb3 Rf7 32. Kb4 Ra2 33. Kc5 Rxg2 34. Kxc6 Rxh2 35. Kxd5 e3 36.
Ke4 e2 37. Re1 Ra7 38. d5 g3 39. f5 Re7 40. d6 Re8 41. Kd5 Rh5 42. d7 Rd8 43. Ke6 g2 44. Ke7 Ra8 45. Ra1 Rf8 46. Bd4 Rhxf5 47. Rg1 Rf1 48. Kd6 Rxg1 49. Bf6 Rxf6+ 50.
Kc5 Rf8 51. d8=Q Rxd8 0-1

[Event "Late-Titled-Tuesday-Blitz-September-12-2023"]
[Site "Chess.com"]
[Date "2023.09.12"]
[Round "11"]
[White "falzehope0"]
[Black "PawnEatingZombie"]
[Result "1-0"]
[WhiteElo "2354"]
[BlackElo "2205"]
[TimeControl "180+1"]
[EndTime "16:01:08 PDT"]
[Termination "falzehope0 won on time"]

1. d4 e6 2. e3 b6 3. f4 Bb7 4.
Nf3 c5 5. Bd3 Nf6 6. O-O Be7 7.
Nbd2 O-O 8. c3 Qc7 9. Qe2 cxd4 10. exd4 Qxf4 11. Ne5 Qh4 12. Ne4 Nxe4 13. Rf4 Ng3 14.
hxg3 Qxg3 15. Rg4 Bf3 16. Rxg3 Bxe2 17. Bxe2 f6 18. Bf3 d5 19. Ng4 Kf7 20. Bf4 Nc6 21.
Be2 h5 22. Nf2 Rh8 23. Bb5 Rac8 24. Re1 g5 25. Bd2 Bd6 26. Rge3 Nd8 27. Ba6 Rc7 28.
R3e2 h4 29. Ng4 f5 30. Ne5+ Bxe5 31. Rxe5 g4 32. Bg5 Rc6 33. Bb5 Rd6 34. Rf1 Kg6 35. Bf4 Nf7 36. Re3 Kf6 37. Bxd6 Nxd6 38. Bd3 g3 39. Rf4 Rh7 40. Rff3 Rh6 41. Re5 Nf7 42.
Ree3 Nd6 43. b3 b5 44. Re2 a6 45. b4 Rg6 46. Re1 Rg4 47. Rfe3 Ne4 48. Bxe4 dxe4 49.
Rf1 Kg5 50. Re2 1-0

[Event "Late-Titled-Tuesday-Blitz-September-12-2023"]
[Site "Chess.com"]
[Date "2023.09.12"]
[Round "11"]
[White "emeli_chess"]
[Black "laskakid"]
[Result "1-0"]
[WhiteElo "2383"]
[BlackElo "2256"]
[TimeControl "180+1"]
[EndTime "16:01:10 PDT"]
[Termination "emeli_chess won by resignation"]

1. d4 d5 2. c4 c6 3. Nc3 Nf6 4. e3 Bf5 5. Nf3 e6 6. Nh4 Be4 7. f3 Bg6 8. Bd2 Be7 9. Nxg6 hxg6 10. Qb3 Qc7 11. g3 dxc4 12. Qxc4 e5 13. d5 O-O 14. e4 Qd7 15. Be3 Rc8 16. Rd1 cxd5 17. Nxd5 Nxd5 18. Rxd5 Qe6 19. Qb3 Nc6 20. Bc4 Qf6 21. O-O Nb4 22. Rd7 b6 23. Bd5 Nxd5 24. Qxd5 Rab8 25. Rxa7 Rc2 26. Rf2 Rbc8 27. Ra8 Kh7 28.
Rxc8 Rxc8 29. Kg2 Bc5 30. Bxc5 Rxc5 31. Qd3 Qc6 32. b3 Rc1 33. a4 Ra1 34. Rc2 Qe6 35. Qc3 Qd6 36. Qxa1 Qd3 37. Qc3 Qd1 38. Rd2 Qe1 39.
Qd3 g5 40. b4 g4 41. fxg4 Qa1 42. Qc2 Qa3 43. Rf2 Qxb4 44. Qb2 Qxe4+ 45. Kg1 Qe1+ 46.
Rf1 Qe3+ 47. Qf2 Qe4 48. Qf5+ Qxf5 49. Rxf5 f6 50. Rf2 Kg6 51. Rb2 1-0

[Event "Late-Titled-Tuesday-Blitz-September-12-2023"]
[Site "Chess.com"]
[Date "2023.09.12"]
[Round "11"]
[White "Mikasinski"]
[Black "zajka-molotok"]
[Result "1-0"]
[WhiteElo "2674"]
[BlackElo "2509"]
[TimeControl "180+1"]
[EndTime "16:01:11 PDT"]
[Termination "Mikasinski won on time"]

1. e4 c5 2. Nf3 d6 3. d4 cxd4 4. Nxd4 Nf6 5. Nc3 a6 6. Rg1 b5 7. g4 Bb7 8. f3 e6 9. g5 Nfd7 10.
Be3 Nb6 11. h4 N8d7 12. h5 Ne5 13. g6 hxg6 14. hxg6 Nbc4 15. gxf7+ Kxf7 16. Bf2 Nxb2 17. Qb1 Nbc4 18. f4 Qa5 19. Rg3 Rh1 20. Ke2 Ng6 21.
Nxe6 Kxe6 22. f5+ Kd7 23. fxg6 Re8 24. Bh3+ Rxh3 25. Rxh3 Bxe4 26. Kd1 Bxg6 27. Qc1 b4 28. Qf4 Nb2+ 29. Kc1 bxc3 30. Qg4+ Bf5 31. Qh5 Qe5 32. Re3 g6 33. Rxe5 gxh5 34. Rxf5 Bh6+ 35. Kb1 Re2 36. a4 Nc4 37. Ka2 Ne5 38. Kb3 Ke6 39. Rxh5 Bd2 40. Bd4 Nc6 41. Bxc3 Re3 42. Rh6+ Kd5 43. Rd1 Rxc3+ 44.
Kb2 Rc4 45. Rxd2+ Kc5 46. Rdxd6 Ne5 47. Rxa6 Rg4 48. Ra5+ Kd4 49. Rd6+ Ke4 50. Re6 Rg5 51. Raxe5+ Rxe5 52.
Rxe5+ 1-0

[Event "Late-Titled-Tuesday-Blitz-September-12-2023"]
[Site "Chess.com"]
[Date "2023.09.12"]
[Round "11"]
[White "ChessSwole"]
[Black "sergiochess83"]
[Result "0-1"]
[WhiteElo "2705"]
[BlackElo "2934"]
[TimeControl "180+1"]
[EndTime "16:01:23 PDT"]
[Termination "sergiochess83 won by resignation"]

1. Nf3 d5 2. g3 g6 3. Bg2 Bg7 4. d4 c6 5. O-O Nd7 6. b3 Nb6 7. Bb2 Nf6 8. Nbd2 O-O 9. c4 Bf5 10. Ne5 Nfd7 11. Nd3 Re8 12. e4 dxe4 13. Nxe4 Bxe4 14.
Bxe4 Qc7 15. Bg2 Rad8 16. Qc2 e5 17. dxe5 Nxe5 18. Nxe5 Bxe5 19. Rad1 Nd7 20. Rfe1 Bxb2 21. Qxb2 Nc5 22. Qc3 Rxd1 23. Rxd1 Qe7 24. Qd4 a5 25. h4 h5 26. Bf3 Ne6 27. Qd2 Qb4 28. Qd7 Rd8 29. Qxd8+ Nxd8 30. Rxd8+ Kg7 31. Rd7 Kf8 32. Kg2 Ke8 33. Rd3 Qa3 34. Rd2 a4 35. bxa4 Qxa4 36. Rb2 Qa6 37. c5 Kd8 38. Rb6 Qa7 39. Bd1 Kc7 40. Bb3 f6 41. Rb4 Qxc5 42. Rf4 Qe5 43. Bc2 f5 44. Bb3 b5 45. a4 Kb6 46. Kh2 Kc5 47. axb5 cxb5 48. Bf7 Qf6 49. Bb3 Qd6 50. Bf7 Kb6 51. Bb3 Qf6 52. Kg1 Kc5 53. Kh2 Qe7 54. Bg8 b4 55. Bb3 Kb5 56. Kg2 Qb7+ 57. Kh2 Qc6 58.
Bf7 Qf6 59. Bb3 Ka5 60. Rc4 Qb2 61. Bd1 Qxf2+ 62. Kh3 Qf1+ 0-1

[Event "Late-Titled-Tuesday-Blitz-September-12-2023"]
[Site "Chess.com"]
[Date "2023.09.12"]
[Round "11"]
[White "cassoulet"]
[Black "Arteler"]
[Result "0-1"]
[WhiteElo "2772"]
[BlackElo "2523"]
[TimeControl "180+1"]
[EndTime "16:01:24 PDT"]
[Termination "Arteler won by checkmate"]

1. e4 e6 2. d4 d5 3. Nd2 Nf6 4.
Bd3 c5 5. exd5 Qxd5 6. Ngf3 cxd4 7. Bc4 Qd7 8. Nb3 Nc6 9. Nbxd4 a6 10. O-O b5 11.
Bb3 Bb7 12. Re1 Bd6 13. Nxe6 fxe6 14. Bxe6 Qc7 15. Bc8+ Be7 16. Be6 Rd8 17. Qe2 Nd4 18.
Nxd4 Rxd4 19. f3 Bd5 20. Be3 Rh4 21. g3 Rc4 22. Bxd5 Nxd5 23. Bg5 Rxc2 24. Qe6 Qc5+ 25. Kh1 Qf2 26. Qh3 Qxf3+ 27. Kg1 Rf8 28. Bxe7 Nxe7 29.
Rad1 Qf2+ 30. Kh1 Rf5 31. Rf1 Qc5 32. Rfe1 Qc6+ 33. Kg1 Qb6+ 34. Kh1 Qc6+ 35. Kg1 Qf6 36. Qg4 Qb6+ 37. Kh1 Qc6+ 38. Re4 Re5 39. Re1 Rc4 40. Qf3 Rcxe4 41. Rf1 Kd7 42. Kg1 Re6 43. Qd3+ Qd6 44.
Qf3 Rd4 45. Rf2 Rf6 46. Kg2 Rxf3 47. Rxf3 Rd2+ 48. Kh3 Qe6+ 49. g4 Qe4 50. Rg3 Rd3 51. Kh4 Rxg3 52. Kxg3 Ng6 53. g5 Qf4+ 54. Kh3 Ne5 55.
Kg2 Qf3+ 56. Kg1 Ng4 57. h3 Qf2+ 58. Kh1 Qh2# 0-1

[Event "Late-Titled-Tuesday-Blitz-September-12-2023"]
[Site "Chess.com"]
[Date "2023.09.12"]
[Round "11"]
[White "Noki102"]
[Black "Alphafischer2019"]
[Result "0-1"]
[WhiteElo "2431"]
[BlackElo "2557"]
[TimeControl "180+1"]
[EndTime "16:01:25 PDT"]
[Termination "Alphafischer2019 won by resignation"]

1. d4 c5 2. c3 Nf6 3. e3 g6 4. f4 Bg7 5. Nf3 d5 6. Bd3 Nc6 7. O-O Bf5 8. Be2 Ne4 9. Nbd2 cxd4 10.
exd4 Rc8 11. Ne5 Qb6 12. Ndf3 f6 13. Nd3 O-O 14. Kh1 Rce8 15. Be3 Qc7 16. Bg1 Nd6 17. a4 Be4 18. Nd2 Bf5 19. Nc5 b6 20. Nd3 Kh8 21. Nb3 Ne4 22. a5 Nd6 23. axb6 axb6 24. Bf3 Be4 25.
Nf2 Bxf3 26. Qxf3 e6 27. h3 f5 28. Bh2 Ne4 29. Nd3 Ra8 30. Qe3 Qb7 31. Bg3 h6 32. Bh4 Rxa1 33. Rxa1 Ra8 34. Qc1 Rxa1 35. Qxa1 g5 36.
fxg5 hxg5 37. Be1 Qc7 38. Nd2 Ne7 39. Qa8+ Kh7 40. Nf3 Ng6 41. Qe8 g4 42. Nfe5 Nxe5 43. dxe5 gxh3 44. Qxe6 hxg2+ 45. Kxg2 Qc4 46. Qxf5+ Kg8 47.
Qe6+ Kh7 48. Nf4 Qb3 49. Qf5+ Kg8 50. Qe6+ Kh7 51. Qg6+ Kg8 52. Ne6 Qc2+ 53. Kh1 Nf2+ 54. Bxf2 Qxg6 0-1